 Dungeon Crawl Stone Soup version 0.32-a0-616-g9348d4545b (webtiles) character file.

Game seed: 15490489740330772763

398 runemasterragnar the Slasher (level 6, 0/48 HPs)
             Began as a Coglin Gladiator on Mar 6, 2024.
             Was an Initiate of Hepliaklqana.
             Slain by Pikel
             ... wielding a +2 whip of electrocution
              (5 damage)
             ... on level 4 of the Dungeon.
             The game lasted 00:03:02 (2431 turns).

runemasterragnar the Slasher (Coglin Gladiator)     Turns: 2431, Time: 00:03:03

Health: 0/48       AC:  8    Str: 16    XL:     6   Next: 83%
Magic:  6/6        EV: 10    Int:  8    God:    Hepliaklqana [......]
Gold:   194        SH:  0    Dex: 15    Spells: 5/5 levels left

rFire   . . .        a - +0 long sword {Paramjit}
rCold   . . .        o - +3 short sword (holy) {Ahmose}
rNeg    . . .        l - +0 scale mail
rPois   .            c - +0 helmet
rElec   .            (no cloak)
rCorr   .            j - +0 pair of gloves
SInv    .            (no boots)
Will    .....        (amulet unavailable) Stlth
                     (ring unavailable)
HPRegen 0.28/turn    (ring unavailable)
MPRegen 0.10/turn    (no gizmo)

%: no passive effects
@: revved
A: off-hand wielding, slow wielding, warmup strikes, no jewellery
a: Invent Gizmo, Renounce Religion


You were on level 4 of the Dungeon.
You worshipped Hepliaklqana.
Hepliaklqana was noncommittal.
You visited 1 branch of the dungeon, and saw 4 of its levels.

You collected 194 gold pieces.

Inventory:

Hand Weapons
 a - a +0 long sword (weapon) {Paramjit}
 f - a +0 dagger {Manelesi}
 o - a +3 short sword of holy wrath (offhand) {Ahmose}
Missiles
 d - 3 throwing nets (quivered)
 e - a javelin
 n - 6 atropa-tipped darts
Armour
 c - a +0 helmet (worn)
 j - a +0 pair of gloves (worn)
 l - a +0 scale mail (worn)
Scrolls
 b - a scroll of blinking
 h - 2 scrolls of revelation
 m - a scroll of silence
 r - a scroll of enchant armour {unknown}
 t - 3 scrolls of identify
Potions
 g - a potion of might {unknown}
 i - a potion of degeneration {unknown}
 k - 3 potions of ambrosia
 p - a potion of invisibility
 q - a potion of attraction
 s - 2 potions of curing {unknown}
 u - a potion of heal wounds {unknown}


   Skills:
 + Level 3.8 Fighting
 * Level 5.6 Long Blades
 + Level 3.4 Throwing
 - Level 2.6 Dodging


You had 5 spell levels left.
You didn't know any spells.
Your spell library contained the following spells:

 Spells                   Type           Power      Damage    Failure   Level
 Apportation              Tloc           0%         N/A       86%         1
 Necrotise                Necr           0%         1d4       86%         1
 Sting                    Conj/Alch      0%         1d3       86%         1
 Summon Small Mammal      Summ           0%         N/A       86%         1


Dungeon Overview and Level Annotations

Branches:
Dungeon (4/15)
 Temple: D:4-7

Altars:
Hepliaklqana

Annotations:
D:4 Pikel


Innate Abilities, Weirdness & Mutations

You can wield a second weapon in your off-hand.
It takes a long time for you to wield or remove held weapons.
Your first few attacks do less damage.
You cannot equip rings or amulets.


Message History

You kill the lemure!
That felt strangely unrewarding.
You hit the lemure but do no damage.
You closely miss the lemure with your +0 long sword.
The lemure hits you.
You barely miss the lemure with your +0 long sword.
You barely miss the lemure with your +3 short sword of holy wrath.
The lemure hits you but does no damage.
You hit the lemure with your +3 short sword of holy wrath.
The lemure convulses.
The lemure is lightly wounded.
You hit the lemure with your +0 long sword.
The lemure completely misses you.
You slash the lemure with your +0 long sword!
The lemure is severely wounded.
You hit the lemure with your +3 short sword of holy wrath.
The lemure convulses.
You kill the lemure!
That felt strangely unrewarding.
You hit Pikel with your +3 short sword of holy wrath.
Pikel is lightly wounded.
You barely miss Pikel with your +0 long sword.
Pikel hits you with a +2 whip of electrocution.
You barely miss Pikel with your +3 short sword of holy wrath.
Pikel is lightly wounded.
You slash Pikel with your +0 long sword!
Pikel hits you with a +2 whip of electrocution!
You completely miss Pikel with your +0 long sword.
Pikel is moderately wounded.
You barely miss Pikel with your +3 short sword of holy wrath.
Pikel hits you with a +2 whip of electrocution!
You are electrocuted!
* * * LOW HITPOINT WARNING * * *
You closely miss Pikel with your +3 short sword of holy wrath.
Pikel is moderately wounded.
You hit Pikel but do no damage.
Pikel hits you with a +2 whip of electrocution.
You die...
Pikel says, "Another soul for the market."
Hepliaklqana delivers you to your ancestors.

#.# #.# #.# # #<# #.
#.# #.# ### #.# #.#
..# #.# #.########
#.# #####..
#...K@..# #.#
#.....# ##.####.#
##.######### ##5)#
#.###........#..
#...#
#........###.#.#
#..5## #####...##..
#.. #?....
####.###.#####
#.###.######....#
#...... ...
5....>....## #.#####
.##
.#####....####..)#..


You could see Pikel.

Vanquished Creatures
  Grinder (D:3)
  3 lemures (D:4)
  Terence (D:2)
  Natasha (thrice) (D:3)
  Robin (D:2)
  2 adders
  A dart slug (D:1)
  A ribbon worm (D:2)
  2 orcs
  6 endoplasms
  3 giant cockroaches
  8 goblins
  6 hobgoblins
  3 jackals (D:1)
  3 quokkas
  5 ball pythons
  3 bats (D:2)
  3 frilled lizards
  3 kobolds
  5 rats
63 creatures vanquished.

Notes
Turn   | Place    | Note
-------+----------+-------------------------------------------
     0 | D:1      | runemasterragnar the Coglin Gladiator began the quest for
                  | the Orb.
     0 | D:1      | Reached XP level 1. HP: 16/16 MP: 1/1
   162 | D:1      | Reached XP level 2. HP: 21/22 MP: 2/2
  1070 | D:2      | Reached XP level 3. HP: 25/28 MP: 3/3
  1082 | D:2      | Noticed Terence
  1089 | D:2      | Killed Terence
  1254 | D:2      | Noticed Robin
  1265 | D:2      | Reached skill level 4 in Long Blades
  1265 | D:2      | Reached XP level 4. HP: 34/34 MP: 4/4
  1274 | D:2      | Killed Robin
  1296 | D:2      | Found a faded altar of an unknown god.
  1733 | D:3      | Noticed Natasha
  1737 | D:3      | Killed Natasha
  1738 | D:3      | Reached XP level 5. HP: 35/41 MP: 5/5
  1742 | D:3      | Noticed Natasha
  1746 | D:3      | Killed Natasha
  1771 | D:3      | Found a hazy altar of Hepliaklqana.
  1792 | D:3      | Noticed Natasha
  1799 | D:3      | Killed Natasha
  1823 | D:3      | Became a worshipper of Hepliaklqana the Forgotten
  2155 | D:3      | Noticed Grinder
  2163 | D:3      | Killed Grinder
  2164 | D:3      | Reached skill level 5 in Long Blades
  2164 | D:3      | Reached XP level 6. HP: 39/48 MP: 6/6
  2407 | D:4      | Noticed Pikel
  2431 | D:4      | Slain by Pikel

Illustrated notes

Levels and vault maps discovered:
D:1:      reono_arrival_mine, layout_basic, grunt_decor_arrowhead
D:2:      layout_rooms, basic_ecumenical_altar, uniq_robin, uniq_terence
D:3:      layout_basic, mainiacjoe_overflow_alcove_2, minmay_misc_feat_room,
          uniq_natasha, uniq_grinder
D:4:      layout_loops_ring, serial_shops, nicolae_shop_getting_attention,
          minmay_misc_feat_ornament, uniq_pikel

Skill      XL: |  1  2  3  4  5 |
---------------+----------------+-----
Throwing       | 2 3 |  3.4
Long Blades    | 4 5 |  5.6
Fighting       | 3 |  3.8
Dodging        | |  2.6

Action                     |  1- 3 |  4- 6 || total
---------------------------+-------+-------++-------
  Melee: Dagger            |    27 |       ||    27
         Long sword        |    55 |    71 ||   126
         Short sword       |    26 |    77 ||   103
    Use: Scroll            |     4 |     5 ||     9
   Stab: Distracted        |     1 |       ||     1
         Sleeping          |     1 |       ||     1
 Armour: Leather armour    |    21 |       ||    21
         Scale mail        |    12 |    46 ||    58
  Dodge: Dodged            |    43 |    30 ||    73

Table legend: (Time is in decaauts)
 A = Elapsed time spent in this place.
 B = Non-inter-level travel time spent in this place.
 C = Inter-level travel time spent in this place.
 D = Time resting spent in this place.
 E = Time spent auto-exploring this place.
 F = Levels seen in this place.
 G = Mean time per level.
                   A        B        C        D        E       F      G
               +--------+--------+--------+--------+--------+-----+--------+
         Total |   2444 |   2293 |    151 |      0 |   1898 |   4 |  611.0 |
       Dungeon |   2444 |   2293 |    151 |      0 |   1898 |   4 |  611.0 |
               +--------+--------+--------+--------+--------+-----+--------+

Top non-repeatable levels by time:
     D:1: 999 daAuts
     D:3: 820 daAuts
     D:2: 525 daAuts
     D:4: 99 daAuts
